 Dungeon Crawl Stone Soup version 0.24.1 (webtiles) character file.

Game seed: 15111509436537660962, levelgen mode: deterministic

997 Destapler the Skirmisher (level 7, -1/63 HPs)
             Began as a Red Draconian Ice Elementalist on Mar 27, 2020.
             Was an Initiate of Sif Muna.
             Slain by an orc
             ... wielding a +0 mace
              (4 damage)
             ... on level 6 of the Dungeon.
             The game lasted 00:36:24 (5759 turns).

Destapler the Skirmisher (DrIE)                     Turns: 5759, Time: 00:36:25

Health: -1/63      AC:  7    Str: 11    XL:     7   Next: 99%
Magic:  5/11       EV: 12    Int: 16    God:    Sif Muna [......]
Gold:   266        SH:  0    Dex: 12    Spells: 10/12 levels left

rFire    + . .     SeeInvis .   a - +0 dagger
rCold    . . .     Gourm    .   (no shield)
rNeg     . . .     Faith    .   (armour unavailable)
rPois    .         Spirit   .   (helmet restricted)
rElec    .         Reflect  .   k - +0 cloak
rCorr    .         Harm     .   (no gloves)
MR       .....                  (no boots)
Stlth    +++.......             (no amulet)
HPRegen  0.20/turn              (no ring)
MPRegen  0.12/turn              (no ring)

@: very slightly contaminated
A: breathe fire, unfitting armour, fire resistance 1, cold-blooded, AC +6
a: Breathe Fire, Renounce Religion


You were on level 6 of the Dungeon.
You worshipped Sif Muna.
Sif Muna was noncommittal.
You were not hungry.

You visited 2 branches of the dungeon, and saw 7 of its levels.

You collected 266 gold pieces.

Inventory:

Hand Weapons
 a - a +0 dagger (weapon)
Missiles
 d - 185 stones
 l - 11 boomerangs (quivered)
Armour
 k - a +0 cloak (worn)
Jewellery
 s - an uncursed amulet of harm
 z - an uncursed amulet of the acrobat {unknown}
Wands
 t - a wand of enslavement (10)
 v - a wand of paralysis (13)
 w - a wand of digging (6)
 y - a wand of acid (4)
Scrolls
 f - 3 scrolls of identify
 p - 2 scrolls of teleportation {unknown}
 r - 3 scrolls of remove curse
 u - a scroll of enchant armour {unknown}
 x - a scroll of fog {unknown}
Potions
 c - 3 potions of curing {unknown}
 e - a potion of mutation {unknown}
 g - a potion of agility
 h - a potion of cancellation {unknown}
 i - 2 potions of flight
 j - 2 potions of lignification {unknown}
 m - 5 potions of brilliance
 n - a potion of heal wounds {unknown}
 o - a potion of magic {unknown}
 q - 2 potions of might {unknown}
Comestibles
 b - 14 rations


   Skills:
 + Level 6.2 Fighting
 - Level 1.7 Dodging
 + Level 5.7 Stealth
 - Level 3.0 Spellcasting
   Level 1.0 Conjurations
 * Level 1.0 Hexes
 - Level 2.4 Ice Magic
 + Level 3.3 Invocations
 + Level 0.5 Evocations


You had 10 spell levels left.
You knew the following spells:

 Your Spells              Type           Power        Failure   Level  Hunger
a - Freeze                Ice            ##..         7%          1    #......
b - Confusing Touch       Hex            #.....       12%         1    #......

Your spell library contained the following spells:

 Spells                   Type           Power        Failure   Level  Hunger
 Throw Frost              Conj/Ice       #.....       14%         2    ##.....
 Animate Skeleton         Necr           N/A          19%         1    #......
 Apportation              Tloc           #.....       19%         1    #......
 Summon Small Mammal      Summ           #...         19%         1    #......
 Ozocubu's Armour         Chrm/Ice       #.......     34%         3    ###....
 Throw Icicle             Conj/Ice       #.......     67%         4    #####..
 Summon Ice Beast         Ice/Summ       #.......     75%         4    #####..


Dungeon Overview and Level Annotations

Branches:
Dungeon (6/15)             Temple (1/1) D:4

Altars:
Ashenzari
Cheibriados
Elyvilon
Hepliaklqana
Kikubaaqudgha
Nemelex Xobeh
Okawaru
Ru
Sif Muna
Trog
Uskayaw
Vehumet
Xom
Yredelemnul
Zin
The Shining One

Annotations:
D:5 3 runed translucent doors, diiiiiane's ghost, novice DEVM


Innate Abilities, Weirdness & Mutations

You can breathe blasts of fire.
Your fiery red scales are hard. (AC +6)
You cannot fit into any form of body armour.
Your flesh is heat resistant. (rF+)
You are cold-blooded and may be slowed by cold attacks.


Message History

The orc warrior barely misses you. The orc closely misses you.
You hit the orc.
The orc is heavily wounded.
The orc warrior closely misses you. The orc hits you but does no damage.
You hit the orc but do no damage.
The orc is heavily wounded.
The orc warrior closely misses you.
You hit the orc but do no damage.
You tail-slap the orc, but do no damage.
The orc is heavily wounded.
The orc barely misses you.
Casting: Freeze (safe; 7% risk of failure)
Confirm with . or Enter, or press ? or * to list all spells.
Aiming: Freeze (safe; 7% risk of failure)
Press: ? - help, Shift-Dir - straight line, f/p - orc warrior
Aim: an orc warrior, wielding a +0 halberd and wearing a +0 plate armour (severely wounded)
You freeze the orc warrior.
The orc warrior is almost dead.
The orc warrior closely misses you. The orc hits you with a +0 mace.
You die...

###### # #....##.#.
#...(..... #.........
######.........
#..............
#.........####.
#...)........#
#########.#@o........
#<........o).......#.
#########.###############
#............รท#..
#############.#.# #.#.#
######'#.####
###........#...
...........#


You could see an orc warrior and an orc.

Vanquished Creatures
  A black bear (D:4)
  A bullfrog (D:6)
  2 scorpions
  A bullfrog zombie (D:6)
  A crimson imp (D:6)
  A jelly (D:5)
  A hound (D:2)
  A centaur skeleton (D:5)
  5 orc priests
  4 orc wizards
  An iguana (D:4)
  Ijyb (D:4)
  5 worker ants
  7 adders
  An ooze (D:1)
  An adder skeleton (D:4)
  An adder zombie (D:6)
  5 worms
  3 dart slugs (D:1)
  2 leopard geckos
  12 orcs
  2 giant cockroaches
  4 goblins
  8 hobgoblins
  5 jackals (D:2)
  7 kobolds
  2 quokkas
  A ball python (D:4)
  8 bats
  3 frilled lizards
  5 rats
102 creatures vanquished.

Notes
Turn   | Place    | Note
-------+----------+-------------------------------------------
     0 | D:1      | Destapler the Draconian Ice Elementalist began the quest
                  | for the Orb.
     0 | D:1      | Reached XP level 1. HP: 14/14 MP: 3/3
    71 | D:1      | Reached skill level 1 in Fighting
   124 | D:1      | Reached XP level 2. HP: 16/24 MP: 5/5
   140 | D:1      | Reached skill level 2 in Fighting
   721 | D:2      | Reached XP level 3. HP: 29/30 MP: 4/6
   758 | D:2      | Reached skill level 3 in Fighting
   956 | D:2      | Reached XP level 4. HP: 37/38 MP: 5/7
  1926 | D:3      | Reached XP level 5. HP: 43/46 MP: 0/8
  1996 | D:3      | Reached skill level 4 in Fighting
  2936 | D:3      | Reached XP level 6. HP: 52/55 MP: 3/9
  3032 | D:3      | Reached skill level 5 in Fighting
  3416 | D:4      | Found a staircase to the Ecumenical Temple.
  3422 | Temple   | Entered the Ecumenical Temple
  3641 | Temple   | Became a worshipper of Sif Muna the Loreminder
  3727 | D:4      | Reached skill level 5 in Stealth
  4099 | D:4      | Your scales start taking on a fiery red colour.
  4099 | D:4      | Reached XP level 7. HP: 52/61 MP: 4/10
  4099 | D:4      | Gained mutation: Your flesh is heat resistant. (rF+) [Red
                  | Draconian growth]
  4159 | D:4      | Found a basalt altar of Yredelemnul.
  4214 | D:4      | Found a white marble altar of Elyvilon.
  4346 | D:4      | Reached skill level 1 in Invocations
  4360 | D:4      | Noticed Ijyb
  4372 | D:4      | Paralysed by Ijyb for 3 turns
  4381 | D:4      | Killed Ijyb
  4630 | D:5      | Entered Level 5 of the Dungeon
  4950 | D:5      | Found a runed translucent gate.
  4950 | D:5      | Found a runed translucent gate.
  4950 | D:5      | Found a runed translucent gate.
  4950 | D:5      | Noticed diiiiiane's ghost (novice DEVM)
  5411 | D:6      | Reached skill level 6 in Fighting
  5549 | D:6      | Learned a level 1 spell: Confusing Touch
  5750 | D:6      | Reached skill level 1 in Hexes
  5754 | D:6      | HP: 2/63 [orc warrior/+0 halberd (6)]
  5759 | D:6      | Slain by an orc

Levels and vault maps discovered:
D:1:      minmay_arrival_radiant_lines, layout_rooms
D:2:      layout_loops_cross
D:3:      layout_loops_cross
D:4:      layout_rooms, kennysheep_ying_yang, minmay_temple_entry_tees,
          first_ration, hangedman_abyss_or_decor_stabs, uniq_ijyb
D:5:      layout_basic, ebering_ghost_rock_garden
D:6:      layout_basic, chequers_temple_overflow_minitemple
Temple:   eino_temple_water

Skill      XL: |  1  2  3  4  5  6  7 |
---------------+----------------------+-----
Fighting       | 1 2 3 4 5 6 |  6.2
Stealth        | 2 3 4 5 |  5.7
Ice Magic      | 2 |  2.4
Invocations    | 3 |  3.3
Spellcasting   | 3 |  3.0
Hexes          | 1 |  1.0
Dodging        | |  1.7
Conjurations   | |  1.0
Evocations     | |  0.5

Action                   |  1- 3 |  4- 6 |  7- 9 || total
-------------------------+-------+-------+-------++-------
Melee: Dagger            |    40 |   159 |   103 ||   302
       Unarmed           |     3 |       |       ||     3
       Tailslap          |     7 |    24 |    19 ||    50
       Mace              |    26 |     6 |       ||    32
Throw: Stone             |       |     4 |       ||     4
       Boomerang         |       |     6 |     6 ||    12
 Cast: Freeze            |    21 |   106 |    43 ||   170
       Confusing Touch   |       |       |     5 ||     5
 Abil: Breathe Fire      |       |       |     1 ||     1
  Use: Scroll            |     1 |     4 |       ||     5
 Stab: Sleeping          |     2 |     6 |     5 ||    13
       Confused          |       |       |     2 ||     2
  Eat: Chunk             |     1 |    12 |     3 ||    16
       Ration            |       |       |     1 ||     1
Armor: Skin              |    39 |    68 |    45 ||   152
Dodge: Dodged            |    77 |   170 |    83 ||   330
